 Dungeon Crawl Stone Soup version 0.31-a0-1321-g5021b54 (webtiles) character file.

Game seed: 3673759339257521648

481 Gimbap the Shooter (level 7, 0/52 HPs)
             Began as a Formicid Hunter on Dec 20, 2023.
             Succumbed to a scorpion's poison
             ... on level 4 of the Dungeon.
             The game lasted 00:08:02 (3255 turns).

Gimbap the Shooter (Formicid Hunter)                Turns: 3255, Time: 00:08:03

Health: 0/52       AC:  9    Str: 16    XL:     7   Next: 34%
Magic:  7/7        EV: 11    Int:  8    God:
Gold:   183        SH:  0    Dex: 19    Spells: 6/6 levels left

rFire   + . .        a - +0 shortbow
rCold   + + .        (no shield)
rNeg    . . .        j - +0 ring mail
rPois   +            (helmet unavailable)
rElec   +            (no cloak)
rCorr   +            (no gloves)
SInv    +            (no boots)
Will    +....        (no amulet)
Stlth   +            k - +4 ring of protection
HPRegen 0.28/turn    q - ring of protection from cold
MPRegen 0.10/turn

%: no passive effects
@: lethally poisoned (0 -> -8), resistant, enlightened, flying
A: permanent stasis, dig shafts and tunnels, antennae 3, four strong arms,
screaming 1, noise suppression
a: Dig, Shaft Self


You were on level 4 of the Dungeon.
You visited 1 branch of the dungeon, and saw 4 of its levels.

You collected 183 gold pieces.

Inventory:

Hand Weapons
 a - a +0 shortbow (weapon)
Missiles
 e - 9 poisoned darts
Armour
 c - a +0 leather armour
 j - a +0 ring mail (worn)
Jewellery
 k - a +4 ring of protection (left hand)
 q - a ring of protection from cold (right hand)
Scrolls
 b - a scroll of butterflies
 f - 4 scrolls of teleportation {unknown}
 g - 2 scrolls of enchant weapon {unknown}
 h - 2 scrolls of torment {unknown}
 i - a scroll of fear {unknown}
 m - a scroll of fog {unknown}
 n - 2 scrolls of immolation {unknown}
 p - a scroll of blinking {unknown}
 v - 2 scrolls of acquirement {unknown}
Potions
 d - a potion of degeneration {unknown}
 l - 2 potions of attraction {unknown}
 o - a potion of curing {unknown}
 r - 3 potions of enlightenment
 s - 2 potions of cancellation {unknown}
 t - 2 potions of mutation
 u - a potion of resistance


   Skills:
 + Level 3.0 Fighting
 * Level 7.7 Ranged Weapons
 + Level 0.4 Throwing
 + Level 1.6 Armour
 + Level 2.0 Dodging
 + Level 1.4 Stealth


You had 6 spell levels left.
You didn't know any spells.
Your spell library contained the following spells:

 Spells                   Type           Power      Damage    Failure   Level
 Freeze                   Ice            0%         1d3       63%         1
 Frozen Ramparts          Ice            0%         1d1       94%         3
 Hailstorm                Conj/Ice       0%         3d5       94%         3
 Manifold Assault         Tloc           0%         N/A       100%        4
 Dispersal                Tloc           0%         N/A       100%        6
 Disjunction              Tloc           0%         N/A       100%        8


Dungeon Overview and Level Annotations

Branches:
Dungeon (4/15)
 Temple: D:4-7

Altars:
The Shining One


Innate Abilities, Weirdness & Mutations

You cannot be hasted, slowed, berserked, paralysed or teleported.
You can dig through walls and to a lower floor.
You have a pair of large antennae on your head. (SInv)
Your four strong arms can wield two-handed weapons with a shield.
You occasionally shout uncontrollably at your foes.
You passively dampen the noise of your surroundings.


Message History

Fire: a) +0 shortbow
Press: ? - help, Q - select action, (/) - cycle Shift-Dir - straight line, f/p - scorpion
Aim: a scorpion (heavily wounded, 65% to hit)
You shoot an arrow. The arrow hits the scorpion.
The scorpion is severely wounded.
You feel very sick. The scorpion stings you. The scorpion closely misses you.
Fire: a) +0 shortbow
Press: ? - help, Q - select action, (/) - cycle Shift-Dir - straight line, f/p - scorpion
Aim: a scorpion (severely wounded, 65% to hit)
You shoot an arrow. The arrow hits the scorpion.
The scorpion is almost dead.
You feel very sick. The scorpion stings you.
* * * LOW HITPOINT WARNING * * *
You are lethally poisoned!
The scorpion poisons you!
Fire: a) +0 shortbow
Press: ? - help, Q - select action, (/) - cycle Shift-Dir - straight line, f/p - scorpion
Aim: a scorpion (almost dead, 65% to hit)
You shoot an arrow. The arrow hits the scorpion.
The scorpion is almost dead.
* * * LOW HITPOINT WARNING * * *
You feel very sick.
The scorpion stings you but does no damage.
It was a potion of enlightenment.
You feel very buoyant.
You fly up into the air.
* * * LOW HITPOINT WARNING * * *
You feel very sick. The scorpion barely misses you.
The scorpion closely misses you.
It was a potion of mutation.
You feel extremely strange.
You feel your surroundings grow quieter.
You feel the urge to shout.
* * * LOW HITPOINT WARNING * * *
You feel very sick.
The scorpion stings you but does no damage.
It was a potion of resistance.
You feel protected.
You die...

#.#.##.#.#
#)....#
#.#......#
#.....#
#.##.#.###
#.....#
#.##.#.#
#######
#......#
####.###
#.# #.#
#@#
#.s......
#########


You could see a scorpion.

Vanquished Creatures
  A black bear (D:3)
  An ogre (D:4)
  A phantom (D:4)
  A scorpion (D:4)
  Jessica (D:2)
  Robin (D:2)
  4 adders
  A worm (D:4)
  A dart slug (D:2)
  6 orcs (D:3)
  7 bats
  5 endoplasms
  3 giant cockroaches
  18 goblins
  7 hobgoblins
  7 jackals
  5 kobolds
  2 quokkas
  7 ball pythons
  2 frilled lizards (D:1)
  9 rats
90 creatures vanquished.

Notes
Turn   | Place    | Note
-------+----------+-------------------------------------------
     0 | D:1      | Gimbap the Formicid Hunter began the quest for the Orb.
     0 | D:1      | Reached XP level 1. HP: 16/16 MP: 1/1
   255 | D:1      | Reached XP level 2. HP: 21/22 MP: 2/2
   500 | D:1      | Reached XP level 3. HP: 25/27 MP: 3/3
   723 | D:1      | Found a faded altar of an unknown god.
   977 | D:2      | Noticed Jessica
   997 | D:2      | Reached skill level 5 in Ranged Weapons
  1003 | D:2      | Killed Jessica
  1004 | D:2      | Reached XP level 4. HP: 23/34 MP: 4/4
  1302 | D:2      | Noticed Robin
  1312 | D:2      | Killed Robin
  1313 | D:2      | Reached XP level 5. HP: 39/39 MP: 5/5
  1892 | D:3      | Reached skill level 6 in Ranged Weapons
  2067 | D:3      | Noticed a black bear
  2082 | D:3      | Killed a black bear
  2083 | D:3      | Reached skill level 1 in Armour
  2083 | D:3      | Reached XP level 6. HP: 4/46 MP: 6/6
  2979 | D:4      | Reached skill level 7 in Ranged Weapons
  3005 | D:4      | Reached XP level 7. HP: 43/51 MP: 7/7
  3086 | D:4      | Found a glowing golden altar of the Shining One.
  3254 | D:4      | Gained mutation: You passively dampen the noise of your
                  | surroundings. [potion of mutation]
  3254 | D:4      | Gained mutation: You occasionally shout uncontrollably at
                  | your foes. [potion of mutation]
  3254 | D:4      | HP: 2/52 [poisoned by a scorpion]
  3255 | D:4      | Succumbed to a scorpion's poison

Illustrated notes

Levels and vault maps discovered:
D:1:      sevenhm_arrival_forest_fort_large_4, layout_loops_cross,
          shapermc_ecumenical_altar_mp_vishouse
D:2:      layout_basic, minmay_misc_feat_rows, uniq_robin, uniq_jessica
D:3:      minmay_skewed_foursquare, layout_basic
D:4:      layout_loops_cross, tso_altar, uniq_eustachio

Skill      XL: |  1  2  3  4  5  6  7 |
---------------+----------------------+-----
Ranged Weapons | 5 6 7 |  7.7
Armour         | 1 |  1.6
Fighting       | 3 |  3.0
Dodging        | 2 |  2.0
Throwing       | |  0.4
Stealth        | |  1.4

Action                     |  1- 3 |  4- 6 |  7- 9 || total
---------------------------+-------+-------+-------++-------
   Fire: Shortbow          |    61 |   172 |    39 ||   272
  Throw: Dart              |     6 |     9 |       ||    15
Ability: Dig               |     2 |       |       ||     2
    Use: Potion            |       |       |     3 ||     3
 Armour: Leather armour    |     2 |       |       ||     2
         Ring mail         |    12 |    87 |    18 ||   117
  Dodge: Dodged            |    24 |    67 |    15 ||   106

Table legend: (Time is in decaauts)
 A = Elapsed time spent in this place.
 B = Non-inter-level travel time spent in this place.
 C = Inter-level travel time spent in this place.
 D = Time resting spent in this place.
 E = Time spent auto-exploring this place.
 F = Levels seen in this place.
 G = Mean time per level.
                   A        B        C        D        E       F      G
               +--------+--------+--------+--------+--------+-----+--------+
         Total |   3306 |   3178 |    128 |    206 |   2395 |   4 |  826.5 |
       Dungeon |   3306 |   3178 |    128 |    206 |   2395 |   4 |  826.5 |
               +--------+--------+--------+--------+--------+-----+--------+

Top non-repeatable levels by time:
     D:2: 1053 daAuts
     D:1: 972 daAuts
     D:3: 920 daAuts
     D:4: 360 daAuts
